[Event "Slovakian ECo-C Extraliga 2024-25"]
[Site "Slovakia"]
[Date "2025.01.19"]
[Round "4"]
[White "Terbe, Julianna"]
[Black "Baidetskyi, Valentin"]
[Result "0-1"]
[Annotator "TA"]
[ECO "A46"]
[WhiteElo "2224"]
[BlackElo "2521"]
[PlyCount "108"]
[EventDate "2024.09.12"]
[EventType "team-tourn"]
[EventCountry "SVK"]
[SourceTitle "playchess.com"]
[Source "ChessBase"]
[SourceQuality "1"]
[TimeControl "5400+30"]

1. d4 Nf6 2. Nf3 e6 3. Bf4 h6 4. c3 c5 5. e3 Nh5 6. Nbd2 $146 {[%emt 0:10:48] A46: 1 d4 Nf6 2 Nf3 e6: Torre, London and Colle Systems.} (6. Bg3 Nxg3 7. hxg3 d5 8. Nbd2 Nd7 9. Bd3 Be7 10. Qe2 O-O 11. O-O c4 12. Bc2 {1-0 Balog,I (2565)-Vitenberg,N (2297) Titled Tuesday intern op1 3rd March blitz 2020 (5)}) 6... Nxf4 7. exf4 cxd4 8. Nxd4 {[%emt 0:00:19] The position is equal.} Nc6 9. Nc4 Qc7 10. g3 d5 11. Ne3 Bc5 12. Nb3 Bxe3 13. fxe3 Qb6 14. Qe2 e5 15. O-O-O Be6 16. fxe5 O-O {[%emt 0:04:45] Black sacrificed a pawn} 17. e4 Rad8 (17... Nxe5 $2 18. exd5 Bg4 19. Qxe5 $18) 18. exd5 Bxd5 19. Bg2 Bxg2 (19... Bxb3 20. axb3 Qxb3 21. Rd6 $14) 20. Qxg2 Nxe5 21. Kb1 Ng4 22. Rxd8 Rxd8 (22... Qxd8 23. Qf3 Qd7 24. Nc5) 23. Nd4 Ne5 24. Qe2 Nc6 25. Nf5 Qc5 26. Qg4 {[%emt 0:03:37][%csl Gf5][%cal Rg4g7] [#]} g6 27. Rf1 (27. Nxh6+ Kg7 28. Qf4 Qd5 $15) 27... Kh7 28. Nd4 Qc4 29. Qf4 Nxd4 30. cxd4 $11 {[%emt 0:00:28][%mdl 4096] Endgame KQR-KQR} (30. Rd1 $5) 30... Qd3+ 31. Ka1 Rd7 (31... Rxd4 32. Qxf7+ Kh8 33. Qf8+ Kh7 34. Rf7#) 32. a3 $1 b5 (32... Rxd4 33. Qxf7+ Kh8 34. Qf8+ Kh7 35. Rf7#) 33. Rf2 (33. Rc1 $5) 33... a5 (33... Qxd4 34. Qxd4 Rxd4 35. Rxf7+ Kg8 36. Rxa7 $18) 34. Rd2 Qc4 35. d5 Qc1+ (35... Qxf4 36. gxf4 Kg7 37. d6 Kf6) 36. Ka2 b4 37. axb4 axb4 38. Kb3 Ra7 $1 39. Rd4 (39. Kxb4 $2 Rb7+ 40. Ka5 Qc5+ 41. Ka6 Qb6#) 39... Qa1 40. Rxb4 (40. Rd2 $11) 40... Qd1+ $17 (40... Qa2+ 41. Kc2 Qxd5 42. Qd4 Qf5+ 43. Kb3 Qf3+ 44. Qc3) 41. Kc3 (41. Kc4 $2 Rc7+ 42. Qxc7 Qc2+ 43. Kb5 Qxc7 $19) 41... Qxd5 42. Qd4 Qf3+ 43. Qd3 Qg2 44. Qd4 {[%emt 0:00:00] Inhibits Qxh2.} Ra8 45. Qf4 Qd5 (45... Qxh2 46. Qxf7+ Kh8 47. Qf6+ (47. Qxg6 Rf8 $14) 47... Kg8 48. Qxg6+ Kh8 49. Qf6+ Kh7 50. Rb7+ Kg8 51. Qg7#) 46. Rd4 Qe6 47. b3 $2 {[%emt 0:00:00] [#] White does not recover from this.} (47. Kc2 $17) 47... Qe1+ $19 48. Qd2 (48. Kc4 {was necessary.} Kg8 49. Qd6) 48... Qa1+ 49. Qb2 (49. Kd3 $142) 49... Rc8+ 50. Rc4 Qa5+ 51. Kc2 Re8 (51... Qf5+ $142 52. Kc3 Qe5+ 53. Kc2 Qe4+ 54. Kc3 Qe3+ 55. Kc2 Rd8) 52. b4 $2 (52. Kb1) 52... Re2+ {[%emt 0:02:09] Black is clearly winning.} 53. Kd3 Qd5+ ({Weaker is} 53... Rxb2 54. bxa5 Ra2 55. Rc5 $11) 54. Kxe2 Qg2+ {[%emt 0:00:02] Weighted Error Value: White=0.27 (precise) /Black=0.10 (very precise)   Loses game:     	White=1     	---        Mistake:       	White=4     	Black=1      Inaccurate:     	White=3     	Black=3      OK:         	White=13    	Black=20     Best:        	White=6     	Black=4      Strong:       	White=1     	Black=1} ({And not} 54... Qxc4+ 55. Kf2 $11) 0-1

[Event "Slovakian ECo-C Extraliga 2024-25"]
[Site "Slovakia"]
[Date "2025.01.19"]
[Round "4"]
[White "Sedlacek, Pavol"]
[Black "Brnusak, Tomas"]
[Result "1/2-1/2"]
[Annotator "TA"]
[ECO "A41"]
[WhiteElo "2183"]
[BlackElo "2236"]
[PlyCount "86"]
[EventDate "2024.09.12"]
[EventType "team-tourn"]
[EventCountry "SVK"]
[SourceTitle "playchess.com"]
[Source "ChessBase"]
[SourceQuality "1"]
[TimeControl "5400+30"]

1. d4 d6 2. Nf3 f5 3. b3 Nf6 4. Bb2 g6 5. Nbd2 Bg7 6. e3 O-O 7. c4 e5 8. dxe5 Ng4 9. h3 Nxe5 10. Qc2 Nbc6 11. a3 {[%emt 0:03:04] Dodges Nb4} Qe7 12. O-O-O a6 13. Be2 Rb8 14. Nxe5 Nxe5 15. Nf3 b5 16. Nxe5 Bxe5 17. Bxe5 Qxe5 18. Qb2 Re8 (18... Qe7 $15 {feels stronger.}) 19. Qxe5 $11 Rxe5 20. cxb5 axb5 21. Rd4 Rb6 22. Rhd1 Kf8 23. g3 Be6 24. Kb2 Ke7 25. Bf3 Ra6 26. R4d2 c5 27. h4 c4 28. Bd5 Bxd5 29. Rxd5 Ke6 30. Rxe5+ Kxe5 {[%emt 0:02:43][%mdl 4096] Endgame KR-KR} 31. Rd4 d5 32. f4+ {[%emt 0:01:33] [#]} (32. h5 $11) 32... Kd6 $1 $17 33. a4 bxa4 (33... Ra5 $17 {...Kc5 is the strong threat.} 34. h5 gxh5 (34... bxa4 35. bxc4 gxh5 36. cxd5 $15)) 34. bxc4 $15 a3+ 35. Ka2 Ra5 36. Rd3 Kc6 (36... Ke6 {simplifies} 37. cxd5+ Rxd5 38. Rxa3 Rd2+) 37. cxd5+ Kd6 38. Rb3 Ra7 39. Rd3 Ra6 40. Rd4 Kc5 41. Rd3 Kd6 42. Rd4 Kc5 43. Rd3 Kd6 1/2-1/2

[Event "Slovakian ECo-C Extraliga 2024-25"]
[Site "Slovakia"]
[Date "2025.01.19"]
[Round "4"]
[White "Balogh, Peter"]
[Black "Stevik, Patrik"]
[Result "0-1"]
[Annotator "TA"]
[ECO "C54"]
[WhiteElo "2086"]
[BlackElo "2314"]
[PlyCount "62"]
[EventDate "2024.09.12"]
[EventType "team-tourn"]
[EventCountry "SVK"]
[SourceTitle "playchess.com"]
[Source "ChessBase"]
[SourceQuality "1"]
[TimeControl "5400+30"]

1. e4 e5 2. Nf3 Nc6 3. Bc4 Bc5 4. c3 Nf6 5. d4 exd4 6. cxd4 Bb4+ 7. Nc3 Nxe4 8. O-O Bxc3 9. d5 Ne5 10. bxc3 Nxc4 11. Re1 Ncd6 12. Ng5 O-O 13. Nxe4 Nxe4 {[%emt 0:00:16] C54: Giuoco Piano: 4 c3 Nf6, main lines with 5 d4 and 5 d3.} 14. Rxe4 d6 15. Qd4 $146 (15. Qf3 Bd7 16. Bd2 Re8 17. Rae1 Rxe4 18. Rxe4 f5 19. Re1 Qf6 20. c4 Re8 21. Rxe8+ Bxe8 {0-1 Kulon,K (2379)-Koellner,R (2454) St Veit op 43rd 2024 (4)}) 15... Bf5 {[%emt 0:07:10] Black is better.} 16. Rf4 Bg6 17. c4 Qe7 {[%emt 0:04:28][%cal Re7e1] [#]} 18. Bb2 f6 19. h4 Rfe8 20. g4 {[%emt 0:03:54] [#]} (20. Bc3 $17 {might work better.}) 20... Qe5 (20... Qe2 $1 $19 {Strongly threatening ...Re4.} 21. g5 Re4 22. Rxe4 Bxe4) 21. h5 $17 Qxd4 22. Bxd4 Bd3 23. h6 g5 (23... Bxc4 {with more complications.} 24. hxg7 Bxd5 25. Bxf6 b5) 24. Rxf6 Re4 $1 (24... Bxc4 25. Rf5 Re4 26. Rxg5+ Kf8 27. Bg7+ Ke8 28. f3 $18) 25. Be3 Rxg4+ ({Much weaker is} 25... Rxc4 $6 26. f3 $11) 26. Kh2 Re8 (26... Bxc4 $17 27. Rc1 Re8 (27... Bxa2 28. Rxc7 Bxd5 29. Rxd6 $16)) 27. Rd1 (27. c5 $1 $15) 27... Bxc4 28. Rf5 Rh4+ 29. Kg3 Rxh6 (29... Bxa2 $2 {is the wrong capture.} 30. Rxg5+ Kf7 31. Kxh4 $18) 30. Bxg5 (30. Rxg5+ $17 Rg6 31. Rxg6+ hxg6 32. Rc1) 30... Rg6 $19 31. Kf4 $2 (31. Kh4) 31... h6 {[%emt 0:00:14] Weighted Error Value: White=0.53/Black=0.16 (very precise)   Mistake:       	White=4     	Black=2      Inaccurate:     	White=2     	---        OK:         	White=4     	Black=6      Best:        	White=1     	Black=2      Strong:       	---       	Black=1} 0-1

[Event "Slovakian ECo-C Extraliga 2024-25"]
[Site "Slovakia"]
[Date "2025.01.19"]
[Round "4"]
[White "Galla, Richard"]
[Black "Jablonicky, Martin"]
[Result "0-1"]
[Annotator "TA"]
[ECO "A58"]
[WhiteElo "1977"]
[BlackElo "2418"]
[PlyCount "54"]
[EventDate "2024.09.12"]
[EventType "team-tourn"]
[EventCountry "SVK"]
[SourceTitle "playchess.com"]
[Source "ChessBase"]
[SourceQuality "1"]
[TimeControl "5400+30"]

1. d4 Nf6 2. c4 g6 3. g3 c5 4. d5 b5 5. cxb5 a6 6. bxa6 Bg7 7. Bg2 O-O 8. Nc3 d6 9. Nf3 Bxa6 10. O-O Nbd7 11. Re1 Qa5 12. Qc2 Rfb8 {[%emt 0:00:21] A58: Benko/Volga Gambit: Lines with 5 bxa6.} 13. h3 (13. Bh3 $14) 13... Nb6 $11 14. Nd2 {[%emt 0:03:09] [#] Strongly threatening Nb3.} Bc8 {[%emt 0:00:43][%mdl 1024] Black has an edge. Black has compensation.} 15. e4 $146 (15. Rb1 Nfd7 16. Nb3 Qa6 17. Bd2 Nc4 18. Bg5 Nde5 19. Nd2 h6 20. Nxc4 Nxc4 21. Bc1 {0-1 Barbat,T (1640)-Guidarelli,L (2135) FRA-chT U18 France 1996}) 15... Nfd7 16. f4 (16. Nb3 $11 Qa7 17. Bg5) 16... c4 $1 $15 17. Bf1 Ba6 18. Nf3 Nc5 19. Be3 {[%emt 0:12:00] [#]} ({Better is} 19. Rb1 $15) 19... Nba4 $1 $17 20. Nxa4 Nxa4 21. b4 Rxb4 22. Rab1 Rb2 23. Rxb2 Nxb2 24. Rb1 $2 {[%emt 0:04:44] White does not recover from this.} (24. e5 $17 Nd3 (24... Qxa2 25. Bd4 $11) (24... Qxd5 25. Qxb2 Qxf3 26. Bg2 $14) 25. Bxd3 cxd3 26. Qb3) 24... c3 $19 (24... Qxa2 25. Bd4 Bxd4+ 26. Nxd4 $14) 25. Bxa6 Qxa6 (25... Rxa6 26. Rc1 $19) 26. Nd4 Qa4 (26... Qxa2 27. Nc6) 27. Qxc3 (27. Qxa4 {keeps fighting.} Rxa4 28. e5 dxe5 29. Nc6 exf4 (29... Rxa2 $2 30. fxe5 c2 31. Rf1 $19) 30. Bxf4) 27... Nd1 {[%emt 0:00:14] Weighted Error Value: White=0.53/Black=0.14 (very precise)   Loses game:     	White=1     	---        Mistake:       	White=4     	---        Inaccurate:     	White=1     	Black=2      OK:         	White=6     	Black=3      Best:        	---       	Black=2      Strong:       	---       	Black=2} (27... Qxa2 $2 {is the wrong capture.} 28. Rxb2 (28. Qxb2 Qa4 $18) 28... Qa4 29. Kg2 $18) 0-1

[Event "Slovakian ECo-C Extraliga 2024-25"]
[Site "Slovakia"]
[Date "2025.01.19"]
[Round "4.1"]
[White "Navara, David"]
[Black "Antoniewski, Rafal"]
[Result "1-0"]
[Annotator "TA"]
[ECO "B32"]
[WhiteElo "2671"]
[BlackElo "2444"]
[PlyCount "105"]
[EventDate "2024.09.12"]
[EventType "team-tourn"]
[EventCountry "SVK"]
[SourceTitle "playchess.com"]
[Source "ChessBase"]
[SourceQuality "1"]
[TimeControl "5400+30"]

1. e4 c5 2. Nf3 Nc6 3. d4 cxd4 4. Nxd4 e5 5. Nb5 d6 6. c4 g6 7. N1c3 {[%emt 0:04:04] and Nd5 should not be overlooked} a6 8. Na3 Be6 9. Nc2 Rc8 10. Be2 Bg7 11. Be3 Nf6 12. O-O Ne7 13. Na3 Nc6 14. f3 Nd4 15. Bxd4 exd4 16. Qxd4 O-O 17. Qe3 Nd7 18. Rac1 Qb6 19. Qxb6 Nxb6 20. b3 f5 21. Nab1 Bd4+ 22. Kh1 f4 23. Rfd1 Be5 24. Nd5 Bxd5 25. exd5 (25. cxd5 Bb2 26. Rxc8 Rxc8 $16) 25... a5 26. Nc3 Rfe8 {[%emt 0:00:49] White must now prevent ...Bxc3.} 27. Bf1 Nd7 28. Ne2 Nc5 29. g3 fxg3 30. hxg3 Rc7 31. Bh3 Rce7 32. Rc2 {[%emt 0:01:01] Prevents Bb2} Bf6 33. Nf4 Be5 34. Be6+ Kg7 35. Ne2 Nxe6 36. dxe6 Rxe6 37. Rd5 b6 38. Kg2 g5 39. g4 h6 40. a4 (40. Rb5 $14) 40... Rc8 41. Rb5 Rc6 42. Rd2 Rf6 (42... Kf6 $14) 43. Ng3 Bxg3 44. Kxg3 $16 {[%emt 0:00:00][%mdl 4096] Endgame KRR-KRR} Re6 45. Kf2 {[%emt 0:00:00] White is more active.} Kf6 46. Re2 Re5 (46... Rxe2+ $16 47. Kxe2 Ke7) 47. Rexe5 $18 dxe5 {[%emt 0:00:00] KR-KR} 48. Ke3 Rd6 (48... Ke6 $142 49. Ke4 Rd6 50. Rxe5+ Kf7) 49. c5 bxc5 50. Rxa5 (50. Rxc5 Rb6 $16) 50... Rc6 ({But not} 50... Rb6 51. Rb5 (51. Rxc5 Rxb3+ 52. Kf2 e4 $11) 51... Rc6 52. Kd3) 51. Kd3 Ke6 $2 (51... Ke7 {was called for.} 52. Rb5 Rf6 53. Rb7+ (53. Rxc5 Rxf3+ 54. Kc4 Rf4+ 55. Kb5 Rxg4 $16) 53... Kd8) 52. Kc4 Kd6 53. Rb5 1-0

[Event "Slovakian ECo-C Extraliga 2024-25"]
[Site "Slovakia"]
[Date "2025.01.19"]
[Round "4.1"]
[White "Sahidi, Samir"]
[Black "Hrbek, Stepan"]
[Result "1-0"]
[Annotator "TA"]
[ECO "B31"]
[WhiteElo "2494"]
[BlackElo "2409"]
[PlyCount "95"]
[EventDate "2024.09.12"]
[EventType "team-tourn"]
[EventCountry "SVK"]
[SourceTitle "playchess.com"]
[Source "ChessBase"]
[SourceQuality "1"]
[TimeControl "5400+30"]

1. e4 c5 2. Nf3 Nc6 3. Bb5 g6 4. O-O Bg7 5. Bxc6 bxc6 6. d3 e5 {[%emt 0:05:29] B31: Sicilian: 2...Nc6 3 Bb5 g6.} 7. a3 a5 8. b3 $146 (8. Be3 d6 9. Nbd2 Ne7 10. c3 a4 11. d4 exd4 12. cxd4 O-O 13. dxc5 Bxb2 14. Nc4 Bxa1 15. Qxa1 {1-0 Fedoseev,V (2704)-Saric,I (2687) Chess.com Rapid Wk6 Swiss 2022 (2)}) 8... Ne7 {[%emt 0:03:29] The position is equal.} 9. Nbd2 O-O 10. Bb2 d6 11. Ne1 f5 12. f4 fxe4 13. fxe5 e3 14. Rxf8+ {[%emt 0:05:17][%csl Oe3] Black has a strong passed pawn} (14. Nc4 $1 $15) 14... Qxf8 $17 15. Ne4 (15. Ndf3 $17) 15... d5 $1 $19 (15... Bxe5 16. Bxe5 dxe5 17. Qe2 $11) (15... dxe5 16. Qe2 $15) 16. Nf6+ Bxf6 $1 (16... Kh8 17. Qc1 $15) 17. exf6 {[%emt 0:00:09][%cal Oe1f3] [#]} d4 $1 18. c3 (18. Qf3 Nd5) 18... Qxf6 $40 {[%emt 0:02:39][%mdl 128] Black is out for blood.} 19. Qc2 {[%emt 0:01:50] Wards off Qf2+} (19. Qf3 Qxf3 20. Nxf3) 19... Bg4 {[%emt 0:05:42] White is weak on the light squares} 20. h3 {[%emt 0:03:05] [#]} Rf8 $1 21. hxg4 (21. cxd4 Qf1+) 21... Qf1+ 22. Kh2 Rf2 23. Qc1 Rd2 24. cxd4 Qf4+ 25. Kh1 Rf2 (25... cxd4 26. Qc4+ (26. Nf3 Rxg2 27. Qc4+ Kf8 $11) 26... Nd5 27. Qxd4 Qh6+ (27... Qf1+ $2 28. Kh2 $18) 28. Kg1 $11) 26. Nf3 Qxg4 27. Qg1 (27. Qc4+ Nd5 28. Rg1 Rxf3 (28... Rxb2 29. Qxc5 Nf4 30. Nh2 $19) 29. Rb1 Rf2) 27... Nf5 {[%emt 0:00:34] ( -> ...Ng3+)} (27... Rxb2 28. Qh2 $19) 28. Qh2 Ng3+ (28... Rxb2 $2 29. Qb8+ Kg7 30. Qe5+ Kh6 31. Qh2+ Qh5 32. dxc5 Ng3+ (32... Rxb3 $2 33. g4 $19) 33. Kg1 Ne2+ 34. Kh1 $19) 29. Kg1 Ne2+ 30. Kh1 {[%emt 0:00:09] Black must now prevent Qb8+.} Ng3+ (30... cxd4 31. Qb8+ Kg7 32. Qe5+ Kh6 33. Qh2+ Kg7 34. Qe5+ Kh6 35. Qh2+ Kg7 36. Qc7+ Kh6 37. Qh2+ $11) 31. Kg1 Rxb2 32. dxc5 (32. Re1 $142 h5 (32... Rxb3 $2 33. dxc5 Kg7 34. Qh3 $19) (32... cxd4 $2 33. Nxd4 c5 34. Nf3 $19) 33. Qh4) 32... Ne2+ 33. Kh1 Ng3+ (33... Rxb3 34. Re1 Ng3+ 35. Kg1 $19) 34. Kg1 Ne2+ (34... Rxb3 35. Qh3 Ne2+ 36. Kh2 Qf4+ 37. Kh1 Ng3+ (37... Rxd3 38. Qc8+ Kg7 39. Qxc6 $17) 38. Kg1 $19) (34... a4 $142 35. b4 Ne2+ 36. Kh1 Nf4) 35. Kh1 Nf4 36. Ne5 Qf5 (36... Qxg2+ $2 37. Qxg2 Rxg2 38. d4 $19) (36... Qe2 37. Rg1 Qh5 (37... Nxd3 38. Nxd3 Qxd3 39. Qb8+ Kf7 40. Qb7+ Kf6 41. Qxc6+ Kg5 42. Qf3 $15) 38. Qxh5 Nxh5 (38... gxh5 39. Re1 $11) 39. Re1 $11) 37. Nxc6 Qg5 {[%emt 0:01:10] Threatens to win with ...Rf2.} (37... Rxb3 $2 38. Ne7+ (38. Nxa5 $2 Rxd3 39. Rb1 e2 $19) 38... Kf7 39. Nxf5 $18) (37... Qxc5 38. Qxf4 Qxc6 39. Qb8+ Kg7 40. Qa7+ Kg8 41. Qb8+ Kg7 42. Qe5+ Qf6 43. Qc7+ (43. Qxe3 Rxb3 44. Rc1 Qd6 $11) 43... Qf7 (43... Kg8 44. Qc8+ Qf8 45. Qe6+ Kg7 46. Qxe3 $11) 44. Qe5+ Qf6 45. Qc7+ Kh6 46. Qh2+ Kg7 47. Qc7+ $11) 38. Rg1 e2 $2 (38... Nxd3 39. Qb8+ Kg7 40. Qc7+ Kh6 41. Qh2+ Qh5 42. Qxh5+ Kxh5 43. Nd4 Nxc5 44. Re1 $19) (38... Rf2 39. Nd4 Qd5 (39... Nxd3 40. Qb8+ Kf7 41. Qb7+ Qe7 42. c6 $17) (39... Qxc5 $2 40. Nf3 $19)) 39. Nd4 Qe5 $2 (39... Nxd3 40. Qb8+ Kf7 41. Qb7+ Qe7 42. Qd5+ Kg7 43. Ne6+ Kf6 44. Qxd3 $19) (39... Qf6 $19 40. Nf3 Rxb3 (40... Nxd3 $2 41. Qb8+ Qf8 42. Qxf8+ Kxf8 43. b4 $19)) 40. Nf3 $17 Qe3 (40... Qxc5 41. Qxf4 Qh5+ 42. Nh2 $16) (40... Qf6 $1 $17 41. d4 Rxb3) 41. c6 $2 ({White should play} 41. Qh4 $15) 41... Rc2 $1 $19 (41... Rxb3 42. c7 Rc3 (42... Rxd3 43. c8=Q+) 43. Qh4 $17) (41... Nxd3 42. Qh4 $15) 42. Qh4 Kg7 (42... Rxc6 $2 43. Qd8+ Kg7 44. Qd7+ (44. Qxa5 $2 Rc5 $19) 44... Kg8 45. Qxc6 $18) 43. Qd8 {[%emt 0:00:00] [#]} (43. b4 $142 Rxc6 (43... Nxd3 44. bxa5 Rc5 45. c7 $19) 44. Rb1) 43... Nh5 $2 (43... Nxd3 44. Qc7+ Kh6 45. Qh2+ Kg7 46. Qc7+ Kf8 47. Qd6+ Ke8 48. Qd7+ Kf8 49. Qd6+ Kg8 50. Qd8+ Kg7 51. Qd7+ Kh6 52. Qh3+ Kg7 53. Qd7+ Kh6 54. Qh3+ Kg7 55. Qd7+ $11) (43... Rc5 $1 $19 {[%cal Rc5h5] ( -> ...Rh5+)} 44. Kh2 Ne6 (44... Rxc6 $2 45. Qd7+ Kg8 46. Qxc6 $18) (44... Nxd3 45. Qd4+ Qxd4 46. Nxd4 $11) (44... Rh5+ $2 45. Kg3 $19) 45. Qe7+ Kh6) 44. Qd6 Qc5 (44... Rxc6 $5 45. Qd7+ Kf8 46. Qd8+ (46. Qxc6 $2 Ng3+ 47. Kh2 Nf1+ 48. Kh3 e1=Q $19) 46... Qe8 47. Qxe8+ Kxe8 $19) 45. Qc7+ Kh6 $2 {[%emt 0:00:00][%mdl 8192] [#]} (45... Kg8 $11 {and Black stays safe.}) 46. g4 $1 $18 e1=Q $2 (46... g5 47. gxh5 (47. Qh2 Rc1 $16) 47... Qd5) 47. Rxe1 {[%emt 0:00:00] Intending g5+ and mate.} Nf6 48. g5+ {[%emt 0:00:00] Weighted Error Value: White=0.75/Black=1.23  Loses game:     	White=2     	Black=1      Missed win:     	---       	Black=1      Mistake:       	White=5     	Black=3      Inaccurate:     	White=5     	Black=1      OK:         	White=5     	Black=9      Best:        	White=7     	Black=4      Strong:       	White=1     	Black=4} 1-0

[Event "Slovakian ECo-C Extraliga 2024-25"]
[Site "Slovakia"]
[Date "2025.01.19"]
[Round "4.1"]
[White "Aczel, Gergely"]
[Black "Plat, Vojtech"]
[Result "1/2-1/2"]
[Annotator "TA"]
[ECO "D35"]
[WhiteElo "2488"]
[BlackElo "2464"]
[PlyCount "87"]
[EventDate "2024.09.12"]
[EventType "team-tourn"]
[EventCountry "SVK"]
[SourceTitle "playchess.com"]
[Source "ChessBase"]
[SourceQuality "1"]
[TimeControl "5400+30"]

1. d4 Nf6 2. c4 e6 3. Nc3 d5 4. cxd5 exd5 5. Bg5 c6 6. e3 Bf5 7. Qf3 Bg6 8. Bxf6 Qxf6 9. Qxf6 gxf6 10. Nf3 Nd7 11. Nh4 Bb4 12. a3 Be7 13. Ne2 f5 14. g3 Bxh4 15. gxh4 Nf6 16. Ng3 Ke7 17. Bh3 Ne4 18. f3 (18. Bxf5 $2 Nxg3 19. Bxg6 Nxh1 $19) 18... Nxg3 $1 19. hxg3 a5 20. Kf2 f6 21. Rac1 Kd6 22. h5 Bxh5 23. Bxf5 Bg6 24. g4 Bxf5 25. gxf5 $14 {[%emt 0:00:01][%mdl 4096] Endgame KRR-KRR} h5 $1 26. Rcg1 Rh7 27. Rg6 Ke7 28. e4 dxe4 29. fxe4 h4 30. Rh3 Kf7 $2 (30... a4 $11 {and Black stays safe.}) 31. e5 $18 fxe5 32. dxe5 {[%emt 0:00:02] Hoping for e6+.} Rd8 33. Rb3 $2 (33. e6+ $18 Ke7 34. Ke3) 33... Kf8 $11 34. Rf6+ Ke8 35. Re6+ Kf8 36. Rf6+ Ke8 37. Re6+ Kf8 38. Rf6+ Ke8 39. Rg6 Kf8 {Prevents Rg8+} 40. e6 h3 $2 (40... Rd2+ $11 41. Ke3 Rd5) 41. f6 $18 {White wants to mate with Rbg3.} Rd2+ {[#]} 42. Ke3 $1 h2 43. e7+ (43. Kxd2 $2 h1=Q (43... h1=R $2 44. Re3 $18) 44. e7+ Kf7 45. Rg7+ Rxg7 (45... Kxf6 46. Rxh7 Qg2+ 47. Kc1 $16) 46. fxg7 Qg2+ 47. Kc1 Qg5+ (47... Kxe7 $2 48. Rxb7+ Kd6 49. Kb1 $19) 48. Kb1 Qxe7 49. Rf3+ Kxg7 50. Rg3+ Kf6 $19) (43. f7 Rxf7 (43... h1=R 44. Rg8+ Ke7 45. f8=Q+ Kxe6 46. Rg6+ Ke5 47. Qf6+ Kd5 48. Rg5+ Kc4 49. Qc3#) 44. Rh6 Rg2 (44... Rff2 45. Rxb7 Rde2+ 46. Kd3 $11) 45. exf7 (45. Rh8+ Rg8 $19) 45... Rg3+ 46. Kd2 Rxb3 $11) 43... Kf7 44. Rg8 (44. Kxd2 $2 h1=Q (44... h1=R $2 {perishes.} 45. Rg7+ Rxg7 46. fxg7 $18) 45. Rg7+ Rxg7 (45... Kxf6 46. Rxh7 Qg2+ 47. Kc1 $16) 46. fxg7 Qh2+ 47. Ke3 Qe5+ (47... Kxg7 48. e8=Q $11) 48. Kf2 Qxg7 (48... Kxe7 $2 49. Rxb7+ Kd6 50. g8=Q $18) (48... Qxe7 $2 49. Rg3 $19) 49. Rxb7 Qd4+ 50. Ke2 c5 $19) 1/2-1/2

[Event "Slovakian ECo-C Extraliga 2024-25"]
[Site "Slovakia"]
[Date "2025.01.19"]
[Round "4.1"]
[White "Karacsonyi, Gellert"]
[Black "Neugebauer, Martin"]
[Result "1-0"]
[Annotator "TA"]
[ECO "B81"]
[WhiteElo "2384"]
[BlackElo "2509"]
[PlyCount "79"]
[EventDate "2024.09.12"]
[EventType "team-tourn"]
[EventCountry "SVK"]
[SourceTitle "playchess.com"]
[Source "ChessBase"]
[SourceQuality "1"]
[TimeControl "5400+30"]

1. e4 c5 2. Nf3 e6 3. d4 cxd4 4. Nxd4 Nf6 5. Nc3 d6 6. g4 h6 7. Rg1 $1 {[%emt 0:00:17][%mdl 4] is currently scoring better than 7.h4.} Be7 8. Be3 Nc6 9. f4 {[%emt 0:04:11][%cal Bf2f4,Bf4f5][%mdl 32] B81: Sicilian Scheveningen: Keres Attack.} a6 10. Qf3 Nd7 11. O-O-O {[%emt 0:03:17] White is better.} Qc7 $146 (11... g5 12. Bc4 gxf4 13. Nxc6 bxc6 14. Bxf4 Qc7 15. Rgf1 Rh7 16. e5 d5 17. Bd3 Rg7 {0-1 Kotronias,V (2615)-Vouldis,A (2435) GRE-ch Athens 1996 (2)}) 12. Qh3 {[%emt 0:09:00] White is more active.} Nc5 13. f5 g6 (13... Nxd4 $16 {is a better defense.} 14. Bxd4 Bg5+ 15. Kb1 O-O) 14. Nxc6 $18 (14. Bxh6 Nxd4 (14... Bg5+ 15. Bxg5 Rxh3 16. Bxh3 $15) 15. fxg6 (15. Rxd4 g5 $15) 15... fxg6 (15... Bg5+ $2 16. Bxg5 Rxh3 17. g7 $18) 16. Rxd4 Bf6 $15 (16... Bg5+ 17. Bxg5 Rxh3 18. Bxh3 $11)) 14... Qxc6 15. Bd4 $1 (15. Bxh6 Bg5+ (15... Nxe4 $2 16. fxg6 fxg6 17. Bg2 $18) 16. Bxg5 Rxh3 17. Bxh3 b5 $11 (17... Nxe4 18. Bg2 $16)) 15... Bg5+ 16. Kb1 $1 e5 17. Bxc5 (17. Be3 $18 {and the rest is easy. Threatens to win with Bxg5.} Be7 18. Nd5 (18. Bxh6 Bg5 $11)) 17... Qxc5 $16 18. Rg3 b5 19. Nd5 (19. Rgd3 $1) 19... b4 20. a3 a5 {[%emt 0:00:54] [#]} 21. Bb5+ $1 Kf8 {[%emt 0:00:13] Black is weak on the light squares} 22. a4 Kg7 23. Rf3 Bb7 24. c4 {[%emt 0:08:01][%csl Od5] Strong Square White (d5)} Rhd8 25. Qf1 Rf8 26. f6+ (26. Qe1 {is interesting.} Rad8 27. h4 Bf4 28. g5) 26... Kh7 27. Qe1 Rfd8 28. Rdd3 (28. h4 $16 Bf4 (28... Bxd5 $2 29. Rxd5 Bxh4 30. Qxh4 $18) 29. Rfd3 (29. Nxf4 exf4 30. Rxf4 Qe5 $14)) 28... Rac8 (28... Bxd5 $11 {keeps the balance.} 29. Rxd5 Qc8) 29. Rh3 ({White should play} 29. Ne7 $16) 29... Bxd5 30. Rxd5 Qb6 31. Rdd3 Kg8 32. Rhf3 $1 Bf4 {[%emt 0:01:05] [#]} 33. Rxf4 exf4 $15 34. Qh4 Kh7 {[%emt 0:01:21][%mdl 8192] This costs Black the game.} (34... b3 $15 35. Rxb3 h5) 35. Rh3 $18 h5 {[%emt 0:00:17] [#]} 36. Qg5 $1 Qg1+ 37. Ka2 b3+ 38. Kxb3 {[%emt 0:00:06][%cal Oh3h5] Rxh5+! would kill now.} Rc5 {[%emt 0:00:53] [#]} 39. Rxh5+ $1 gxh5 (39... Kg8 40. Rh8+) 40. Qg7# {[%emt 0:00:04] Weighted Error Value: White=0.20 (precise) /Black=0.51  Loses game:     	---       	Black=1      Missed win:     	White=1     	---        Mistake:       	White=4     	Black=2      Inaccurate:     	White=3     	Black=6      OK:         	White=9     	Black=6      Best:        	White=3     	Black=1      Strong:       	White=2     	---} 1-0